Map: 2000 Atmospheres LE

Players

TIME (Oliveira)

  • Race: Terran Terran

LiquidClem (Clem) - Winner!

  • Race: Terran Terran

VOD

Have the link to the VOD?

Description

Time

  • Played on: Oct. 21, 2021, 9:10 a.m.
  • Length: 12:03
Show
View Real Time Build Order
Export as new Build Order

TIME Terran 

Build Orders:  

Get SALT Encoding   

  12  0:00  SCV  
  13  0:12  SCV  
  14  0:17  Supply Depot  
  14  0:25  SCV  
  15  0:38  SCV  
  15  0:41  Barracks  
  16  0:44  Refinery  
  16  0:50  SCV  
  16  0:53  Refinery  
  17  1:02  SCV  
  18  1:14  SCV  
  19  1:28  Barracks Reactor, Orbital Command  
  19  1:29  Supply Depot  
  19  1:41  Factory  
  19  1:54  SCV  
  20  2:05  Reaper x2  
  20  2:06  SCV  
  23  2:19  SCV  
  24  2:23  Command Center  
  24  2:28  Hellion  
  26  2:32  SCV  
  27  2:37  Reaper x2  
  27  2:42  Supply Depot  
  29  2:50  Hellion  
  31  2:59  Starport  
  31  3:04  SCV  
  32  3:09  Reaper  
  32  3:12  Reaper  
  36  3:13  Hellion  
  36  3:21  SCV  
  37  3:33  SCV  
  38  3:34  Factory Tech Lab  
  38  3:36  Orbital Command  
  38  3:37  Starport Tech Lab  
  38  3:40  Refinery  
  38  3:43  Marine  
  38  3:44  Marine  
  38  3:47  SCV  
  41  3:59  Raven  
  41  4:01  Marine  
  41  4:02  SCV  
  45  4:09  Marine  
  44  4:19  Marine  
  44  4:20  Cyclone  
  40  4:24  SCV  
  40  4:25  SCV  
  40  4:26  Marine  
  41  4:39  SCV x2  
  41  4:40  Marine  
  41  4:44  Marine  
  41  4:45  Banshee  
  48  4:52  Siege Tank  
  51  4:53  SCV x2  
  51  4:58  Marine  
  54  5:06  Supply Depot x2, SCV  
  54  5:08  Marine  
  54  5:09  SCV  
  54  5:19  SCV  
  52  5:21  SCV  
  52  5:26  Siege Tank  
  54  5:31  SCV  
  55  5:38  SCV  
  56  5:43  SCV  
  56  5:46  Viking  
  56  5:47  Marine, Viking  
  56  5:48  Stimpack  
  62  5:50  SCV  
  62  5:51  Supply Depot  
  62  5:56  SCV  
  61  6:01  Siege Tank  
  61  6:02  SCV  
  65  6:09  SCV  
  66  6:17  SCV  
  67  6:21  SCV  
  67  6:25  Viking  
  70  6:27  Command Center  
  70  6:28  Viking  
  70  6:29  SCV  
  72  6:35  Marine  
  72  6:36  Refinery  
  73  6:40  Supply Depot  
  73  6:42  Siege Tank  
  73  6:43  SCV x2  
  77  6:56  Marine  
  77  6:59  SCV, Command Center  
  79  7:03  SCV  
  79  7:05  Viking  
  79  7:07  Viking  
  84  7:10  Supply Depot  
  84  7:14  Marine, SCV  
  84  7:15  SCV  
  87  7:20  Barracks  
  87  7:23  Barracks  
  87  7:24  Siege Tank  
  87  7:26  SCV  
  90  7:31  SCV  
  90  7:32  Combat Shield  
  90  7:36  Marine  
  91  7:40  Viking x2  
  91  7:41  SCV  
  96  7:47  SCV  
  94  7:55  SCV  
  94  7:56  Marine  
  96  7:59  Siege Tank  
  96  8:03  Engineering Bay  
  96  8:04  Engineering Bay  
  99  8:06  SCV  
  99  8:10  Barracks Reactor  
  99  8:12  Barracks Reactor, SCV x2  
  89  8:35  Marine  
  89  8:37  Viking x2  
  89  8:38  SCV  
  87  8:42  SCV  
  87  8:45  Orbital Command  
  87  8:46  Terran Infantry Weapons Level 1, Terran Infantry Armor Level 1  
  82  8:49  Marine x3, Barracks  
  82  8:51  Marine, Barracks  
  82  8:53  Marine  
  82  8:55  Siege Tank  
  87  8:56  SCV  
  84  9:04  Orbital Command  
  84  9:07  Marine  
  84  9:09  Marine x2  
  84  9:10  Viking  
  84  9:14  SCV x2  
  86  9:17  Marine x2  
  88  9:25  Marine  
  88  9:26  Armory  
  88  9:27  Marine  
  88  9:30  SCV  
  90  9:34  Marine, Siege Tank  
  90  9:36  SCV x2  
  90  9:37  Barracks Reactor x2, Refinery x2  
  96  9:39  Marine  
  96  9:42  Marine, SCV  
  96  9:43  Marine  
  99  9:47  Viking x2  
  99  9:52  Command Center  
  103  9:59  Marine x3, Supply Depot  
  106  10:00  Sensor Tower  
  106  10:02  Marine  
  106  10:03  SCV x2  
  106  10:04  SCV  
  110  10:08  Siege Tank  
  112  10:20  Marine x3  
  109  10:22  Marine x2  
  109  10:25  Medivac x2  
  114  10:32  Marine x2  
  114  10:33  Marine  
  115  10:39  Command Center  
  115  10:42  Supply Depot  
  115  10:43  Supply Depot  
  115  10:44  Supply Depot  
  115  10:45  Siege Tank  
  115  10:47  Marine  
  119  10:50  Marine x2  
  119  10:53  Marine x2  
  123  10:57  Marine x3  
  123  10:58  Medivac  
  123  10:59  Medivac  
  130  11:04  SCV  
  130  11:05  SCV x2  
  130  11:06  Marine x2  
  130  11:08  Marine  
  136  11:12  Marine  
  136  11:17  Marine x3  
  140  11:19  Marine  
  140  11:21  Siege Tank  
  132  11:38  SCV x2  
  122  11:40  Marine  
  122  11:41  Marine x3  
  122  11:42  Marine x3  
Show
View Real Time Build Order
Export as new Build Order

LiquidClem Terran - Winner!

Build Orders:  

Get SALT Encoding   

  12  0:00  SCV  
  13  0:12  SCV  
  14  0:17  Supply Depot  
  14  0:24  SCV  
  15  0:38  SCV  
  15  0:40  Barracks  
  16  0:44  Refinery  
  16  0:50  SCV  
  16  0:52  Refinery  
  17  1:03  SCV  
  18  1:15  SCV  
  19  1:27  Reaper, Orbital Command  
  19  1:29  Supply Depot  
  20  1:41  Factory  
  20  1:53  SCV  
  21  1:59  Barracks Reactor  
  21  2:05  SCV  
  22  2:17  Command Center  
  22  2:22  SCV  
  23  2:27  Hellion  
  25  2:34  SCV  
  25  2:36  Reaper  
  25  2:37  Reaper  
  28  2:42  Supply Depot  
  28  2:46  SCV  
  28  2:49  Hellion  
  31  2:56  Starport  
  31  3:03  SCV  
  32  3:08  Reaper  
  32  3:09  Reaper  
  32  3:12  Hellion  
  36  3:16  SCV  
  37  3:24  Refinery  
  37  3:30  Orbital Command  
  38  3:34  Medivac  
  38  3:36  Hellion  
  38  3:39  SCV  
  42  3:41  Reaper  
  42  3:46  Reaper  
  44  3:49  Supply Depot  
  44  3:52  SCV  
  45  3:56  SCV  
  45  3:57  Factory Tech Lab  
  46  4:04  SCV  
  45  4:12  SCV  
  45  4:13  Marine  
  45  4:16  SCV  
  45  4:18  Marine  
  45  4:19  Cyclone  
  48  4:24  SCV  
  48  4:28  Starport Tech Lab, SCV  
  48  4:31  Marine  
  49  4:35  Marine  
  49  4:36  SCV  
  52  4:42  Mag-Field Accelerator  
  52  4:45  Supply Depot  
  52  4:46  Raven  
  52  4:47  SCV  
  52  4:50  SCV  
  56  4:59  SCV  
  57  5:00  Cyclone  
  57  5:03  Marine x2  
  62  5:07  SCV  
  62  5:12  SCV  
  64  5:19  SCV  
  64  5:21  Marine  
  63  5:24  SCV  
  63  5:26  Marine  
  57  5:31  Raven, SCV  
  57  5:33  Command Center  
  60  5:36  SCV, Cyclone  
  60  5:40  Supply Depot  
  63  5:43  SCV  
  63  5:48  SCV  
  65  5:53  Marine x2  
  65  5:55  SCV  
  68  6:00  SCV  
  68  6:01  Barracks  
  68  6:02  Barracks  
  69  6:08  SCV  
  69  6:12  SCV  
  69  6:13  Cyclone  
  69  6:15  Raven  
  69  6:16  Supply Depot  
  74  6:18  Refinery  
  74  6:20  Marine, SCV  
  74  6:23  Supply Depot  
  74  6:24  SCV  
  76  6:32  SCV  
  76  6:34  Engineering Bay x2  
  76  6:36  SCV  
  77  6:44  SCV  
  77  6:45  Barracks  
  78  6:47  Barracks  
  78  6:50  Siege Tank  
  78  6:51  SCV  
  81  7:01  Raven  
  81  7:08  Barracks Reactor, Barracks Tech Lab  
  83  7:10  SCV x2  
  83  7:13  Terran Infantry Weapons Level 1, Supply Depot  
  85  7:20  Terran Infantry Armor Level 1  
  85  7:22  Marine, SCV  
  87  7:23  Supply Depot  
  87  7:24  SCV  
  87  7:28  Orbital Command  
  87  7:34  SCV  
  87  7:35  Barracks Reactor, Stimpack  
  87  7:36  Marine, Barracks Reactor  
  89  7:38  Marine  
  89  7:39  SCV  
  91  7:45  Marine  
  91  7:46  SCV  
  91  7:48  Siege Tank  
  91  7:50  Supply Depot  
  91  7:51  SCV  
  97  7:54  SCV  
  97  7:57  Marine x2  
  99  7:58  SCV  
  99  8:00  Refinery x2  
  99  8:03  SCV  
  101  8:07  Marine  
  101  8:10  SCV  
  101  8:11  Marine x3  
  101  8:12  SCV  
  107  8:14  Starport Reactor  
  107  8:17  Marine  
  107  8:19  Marine  
  101  8:21  Marine, SCV  
  101  8:24  Siege Tank  
  101  8:25  Marine  
  104  8:27  Marine  
  104  8:28  Marine x2  
  104  8:29  Marine, SCV  
  104  8:31  SCV  
  104  8:33  Marine, SCV  
  107  8:35  Marine  
  107  8:37  Marine  
  105  8:41  Marine  
  105  8:42  SCV  
  105  8:43  SCV  
  105  8:44  Marine  
  105  8:45  Marine, SCV  
  108  8:54  Medivac x2, SCV  
  113  8:56  Siege Tank  
  113  8:57  Marine x3  
  113  8:58  Marine x2  
  113  9:00  SCV x2  
  113  9:02  Marine  
  124  9:04  Marine x2  
  124  9:09  Marine  
  127  9:10  Supply Depot  
  127  9:14  Marine, Combat Shield  
  128  9:18  Command Center  
  128  9:23  Marine x2  
  130  9:24  Sensor Tower  
  130  9:26  Marine x3  
  133  9:32  Medivac x2  
  133  9:34  Siege Tank  
  140  9:41  Supply Depot  
  140  9:42  Marine  
  141  9:51  Factory  
  141  9:52  Supply Depot  
  141  9:55  Armory  
  141  10:02  Supply Depot  
  141  10:03  Marine x7  
  141  10:04  Marine, Supply Depot  
  149  10:13  Siege Tank  
  153  10:16  Supply Depot  
  153  10:20  Marine x5  
  154  10:25  Viking  
  154  10:26  Viking, Supply Depot  
  154  10:27  Supply Depot  
  158  10:29  Marine  
  158  10:30  Supply Depot  
  158  10:31  Marine  
  158  10:33  Marine  
  161  10:37  Marine  
  161  10:38  Marine x2  
  161  10:41  Marine x3  
  167  10:45  Siege Tank  
  170  10:52  Siege Tank  
  173  10:58  Sensor Tower  
  173  11:00  Refinery  
  173  11:04  Planetary Fortress, Refinery  
  173  11:08  Viking  
  175  11:11  Viking  
  175  11:18  SCV x2  
  178  11:19  SCV  
  178  11:22  Marine x2  
  178  11:24  Siege Tank  
  184  11:29  Marine x2  
  184  11:30  SCV  
  184  11:31  Siege Tank  
  183  11:35  Marine x3  
  183  11:37  SCV x2  
  176  11:45  Marine x2  
Tags
 
Add a new tag
Caveats
  • Supply blocks, unpowered buildings, or Contaminate may cause inaccurate times.
  • Supply counts are checked every 10 seconds.